 Dungeon Crawl Stone Soup version 0.29.0 (webtiles) character file.

Game seed: 64936979600721406

9538 gelatine the Thaumaturge (level 11, -2/71 HPs)
             Began as a Demonspawn Fire Elementalist on Aug 24, 2022.
             Was an Elder of Vehumet.
             Slain by a skeletal warrior
             ... wielding a +0 scimitar
              (14 damage)
             ... on level 9 of the Dungeon.
             The game lasted 00:37:44 (9327 turns).

gelatine the Thaumaturge (DsFE)                     Turns: 9327, Time: 00:37:45

Health: -2/71      AC:  8    Str:  9    XL:     11   Next: 24%
Magic:  8/33       EV: 14    Int: 21    God:    Vehumet [****..]
Gold:   87         SH:  0    Dex: 13    Spells: 9/29 levels left

rFire   . . .      SeeInvis .   w - +2 short sword (drain)
rCold   . . .      Faith    .   (no shield)
rNeg    . . .      Spirit   .   z - +3 leather armour
rPois   .          Reflect  .   (no helmet)
rElec   .          Harm     .   B - +0 cloak
rCorr   .          Rampage  .   E - +0 pair of gloves
Will    .....                   (no boots)
Stlth   +++.......              K - amulet of regeneration
HPRegen 1.01/turn               m - ring of wizardry
MPRegen 0.23/turn               o - ring of magical power

@: no status effects
A: repulsion field 1, demonic guardian 2, demonic magic 2, demonic touch 1
a: Renounce Religion


You were on level 9 of the Dungeon.
You worshipped Vehumet.
Vehumet was greatly pleased with you.
You visited 2 branches of the dungeon, and saw 10 of its levels.
You also visited: Ossuary.

You collected 647 gold pieces.
You spent 560 gold pieces at shops.

Inventory:

Hand Weapons
 w - a +2 short sword of draining (weapon)
 O - a +0 dagger of venom
Armour
 a - a +1 robe
 y - a +0 ring mail of fire resistance
 z - a +3 leather armour (worn)
 B - a +0 cloak (worn)
 E - a +0 pair of gloves (worn)
Magical Staves
 h - a staff of air
 q - a staff of cold
Jewellery
 m - a ring of wizardry (left hand)
 o - a ring of magical power (right hand)
 p - a ring of see invisible
 K - an amulet of regeneration (around neck)
 P - a ring of flight
Wands
 t - a wand of iceblast (10)
 x - a wand of acid (22)
 A - a wand of mindburst (9)
 C - a wand of flame (50)
Scrolls
 c - 7 scrolls of teleportation
 d - a scroll of vulnerability
 f - a scroll of amnesia {unknown}
 l - a scroll of enchant armour
 n - 5 scrolls of poison
 r - 5 scrolls of magic mapping {unknown}
 v - 4 scrolls of immolation {unknown}
 H - a scroll of fog {unknown}
 J - a scroll of enchant weapon {unknown}
Potions
 b - 2 potions of magic
 e - 2 potions of heal wounds
 g - 7 potions of flight
 i - a potion of ambrosia
 j - 3 potions of attraction {unknown}
 k - 6 potions of curing {unknown}
 s - 4 potions of lignification
 u - 2 potions of mutation
 G - a potion of haste
 I - a potion of cancellation {unknown}
 L - 2 potions of might {unknown}


   Skills:
 + Level 1.5 Fighting
 + Level 3.3 Short Blades
 + Level 2.4 Armour
 + Level 2.8 Dodging
 + Level 6.9 Stealth
 + Level 9.9 Spellcasting
 + Level 6.4 Conjurations
 + Level 0.6 Translocations
 + Level 0.4 Transmutations
 + Level 8.3 Fire Magic
 + Level 0.2 Air Magic
 + Level 2.5 Poison Magic


You had 9 spell levels left.
You knew the following spells:

 Your Spells              Type           Power      Damage    Failure   Level
a - Foxfire               Conj/Fire      100%       2x1d9     1%          1
b - Scorch                Fire           90%        2d10      1%          2
c - Shock                 Conj/Air       96%        1d9       1%          1
d - Blink                 Tloc           26%        N/A       4%          2
e - Poisonous Vapours     Pois/Air       32%        N/A       1%          2
f - Olgreb's Toxic Radia  Pois           21%        N/A       3%          4
g - Ignite Poison         Fire/Tmut/Pois 26%        N/A       1%          3
h - Fireball              Conj/Fire      20%        3d10      1%          5

Your spell library contained the following spells:

 Spells                   Type           Power      Damage    Failure   Level
 Sting                    Tmut/Pois      64%        1d6       1%          1
 Conjure Flame            Conj/Fire      41%        6-21      1%          3
 Inner Flame              Hex/Fire       27%        N/A       1%          3
 Flame Wave               Conj/Fire      41%        2d11      1%          4
 Summon Small Mammal      Summ           40%        N/A       3%          1
 Call Canine Familiar     Summ           10%        N/A       11%         3
 Summon Guardian Golem    Hex/Summ       10%        N/A       11%         3
 Yara's Violent Unravell  Hex/Tmut       5%         3d4       22%         5
 Ice Form                 Ice/Tmut       11%        N/A       32%         4
 Manifold Assault         Tloc           13%        N/A       56%         5
 Summon Cactus Giant      Summ           5%         N/A       99%         6
 Storm Form               Tmut/Air       5%         N/A       100%        7


Dungeon Overview and Level Annotations

Branches:
Dungeon (9/15)             Temple (1/1) D:6         Ossuary (visited)
   Lair: D:8-11         Orc: D:9-12

Altars:
Ashenzari
Cheibriados
Dithmenos
Fedhas
Gozag
Hepliaklqana
Kikubaaqudgha
Makhleb
Nemelex Xobeh
Qazlal
Ru
Sif Muna
Trog
Uskayaw
Vehumet
Wu Jian
Xom
Yredelemnul

Shops:
D:3 :   D:4 :=   D:5 ?


Innate Abilities, Weirdness & Mutations

You are surrounded by a mild repulsion field. (EV +2)
A demonic guardian rushes to your aid.
Spells you cast may paralyse nearby enemies.
Your touch may inflict minor irresistible damage on your foes.


Message History

Flames lash the skeletal warrior.
The skeletal warrior is moderately damaged.
The skeletal warrior's fire resistance burns away.
Malevolent energies surge around you.
Casting: Scorch (safe; 1% risk of failure)
Confirm with . or Enter, or press ? or * to list all spells.
Flames lash the skeletal warrior but do no damage.
Malevolent energies surge around you.
The skeletal warrior suddenly stops moving!
The helpless skeletal warrior fails to defend itself.
You impale the skeletal warrior!!
You touch the skeletal warrior!
The skeletal warrior is severely damaged.
The skeletal warrior is no longer paralysed.
The skeletal warrior hits you with a +0 scimitar!!
Casting: Scorch (safe; 1% risk of failure)
Confirm with . or Enter, or press ? or * to list all spells.
Flames lash the skeletal warrior.
The skeletal warrior is burned terribly!
The skeletal warrior is severely damaged.
Malevolent energies surge around you.
The skeletal warrior hits you with a +0 scimitar.
Casting: Scorch (safe; 1% risk of failure)
Confirm with . or Enter, or press ? or * to list all spells.
Flames lash the skeletal warrior.
The skeletal warrior is burned terribly!
The skeletal warrior is severely damaged.
Malevolent energies surge around you.
The skeletal warrior hits you with a +0 scimitar!
Casting: Scorch (safe; 1% risk of failure)
Confirm with . or Enter, or press ? or * to list all spells.
Flames lash the skeletal warrior.
The skeletal warrior is burned terribly!
The skeletal warrior is almost destroyed.
Malevolent energies surge around you.
The skeletal warrior hits you with a +0 scimitar!!
* * * LOW HITPOINT WARNING * * *
A demonic guardian appears!
The skeletal warrior attacks as you move away!
The skeletal warrior hits you with a +0 scimitar!
You die...

.>... ###.....z.##........# .##
#####'#########'##### #.##.
#......##.###..##..## .....
#####...#.#..##†.##.# .....
##..##..#.#..##).##.# .....
#....#.##.###..##..## ##.... ..#
##.##..'##..##..## #....##...
##z#....#..##..##.# ............
#3@##÷.##..##..##.# .....>.#..#.#
#...#######..##..## ....... #(.#
##..... #..##..##
#.#..#####..#####################
###..##.#..........(.............
..))).......................#####
..)##............###...##.###
)))##.##........## #...##.#
................# ########


You could see a skeletal warrior (combustible, ally target) and a friendly soul
eater (summoned).

Vanquished Creatures
  2 two-headed ogres
  A gargoyle (D:9)
  A kobold demonologist (D:9)
  2 hornets
  Grinder (D:4)
  A shadow (D:9)
  13 yaks
  A wraith (D:9)
  A wyvern (D:9)
  Grum (D:8)
  2 vampire mosquitoes (D:9)
  5 water moccasins
  4 orc warriors
  3 ice beasts
  A sky beast (D:6)
  An ogre (D:5)
  2 black bears (D:5)
  4 centaurs
  3 wolves (D:8)
  3 kobold brigands
  Blork the orc (D:4)
  2 elf zombies (Ossuary)
  3 bullfrogs
  2 gnoll sergeants
  4 scorpions
  5 wights
  A killer bee (D:9)
  2 electric eels (D:4)
  2 centaur zombies (Ossuary)
  2 human zombies (Ossuary)
  3 hounds
  4 orc priests
  2 gnoll boudas
  5 orc wizards
  An iguana (D:5)
  3 mummies
  9 adders
  10 gnolls
  3 shadow imps
  4 white imps
  A howler monkey simulacrum (D:9)
  An ufetubus (D:7)
  An adder zombie (Ossuary)
  3 worms (D:2)
  20 orcs
  5 endoplasms
  2 giant cockroaches
  3 goblins
  7 hobgoblins
  4 jackals (D:2)
  5 quokkas
  8 ball pythons
  6 bats
  2 frilled lizards (D:2)
  2 goblin zombies (Ossuary)
  13 hobgoblin zombies
  16 kobolds
  4 kobold zombies
  12 orc zombies (Ossuary)
  11 rats
  A rat zombie (Ossuary)
247 creatures vanquished.

Vanquished Creatures (collateral kills)
  A hornet (D:8)
  2 foxfires (D:4)
3 creatures vanquished.

Vanquished Creatures (others)
  883 foxfires
883 creatures vanquished.

Grand Total: 1133 creatures vanquished

Notes
Turn   | Place    | Note
-------+----------+-------------------------------------------
     0 | D:1      | gelatine the Demonspawn Fire Elementalist began the quest
                  | for the Orb.
     0 | D:1      | Reached XP level 1. HP: 13/13 MP: 3/3
   447 | D:1      | Gained mutation: Spells you cast may paralyse adjacent
                  | enemies. [demonic ancestry]
   447 | D:1      | Reached XP level 2. HP: 19/19 MP: 1/5
  1102 | D:2      | Found a shadowy altar of Dithmenos.
  1268 | D:2      | Gained mutation: Spells you cast may paralyse nearby
                  | enemies. [demonic ancestry]
  1268 | D:2      | Reached XP level 3. HP: 24/24 MP: 1/6
  2065 | D:2      | Reached XP level 4. HP: 27/30 MP: 2/8
  2117 | D:2      | Learned a level 2 spell: Scorch
  2342 | D:3      | Found a faded altar of an unknown god.
  2656 | D:3      | Reached skill level 3 in Spellcasting
  2749 | D:3      | Reached XP level 5. HP: 35/35 MP: 9/9
  2822 | D:3      | Found Viavvibb's Book Boutique.
  2964 | D:3      | Found a shimmering blue altar of Sif Muna.
  3180 | D:4      | Found an ancient bone altar of Kikubaaqudgha.
  3181 | D:4      | Found an ornate altar of the Wu Jian Council.
  3186 | D:4      | Noticed Grinder
  3196 | D:4      | Killed Grinder
  3197 | D:4      | Gained mutation: You are surrounded by a mild repulsion
                  | field. (EV +2) [demonic ancestry]
  3197 | D:4      | Reached XP level 6. HP: 36/41 MP: 11/11
  3366 | D:4      | Found Sieps's Book Shoppe.
  3486 | D:4      | Found a transporter.
  3565 | D:4      | Noticed Blork the orc
  3568 | D:4      | Killed Blork the orc
  3569 | D:4      | Reached skill level 4 in Spellcasting
  3747 | D:4      | Found Yhupnocerch's Jewellery Shop.
  3789 | D:4      | Found a transporter.
  3878 | D:4      | Reached XP level 7. HP: 46/46 MP: 13/13
  4131 | D:5      | Entered Level 5 of the Dungeon
  4207 | D:5      | Noticed a two-headed ogre
  4215 | D:5      | Killed a two-headed ogre
  4216 | D:5      | Reached skill level 1 in Short Blades
  4216 | D:5      | Reached skill level 5 in Spellcasting
  4216 | D:5      | Reached skill level 5 in Fire Magic
  4216 | D:5      | Gained mutation: A weak demonic guardian rushes to your
                  | aid. [demonic ancestry]
  4216 | D:5      | Reached XP level 8. HP: 22/53 MP: 12/16
  4433 | D:5      | Reached skill level 1 in Fighting
  4445 | D:5      | Reached skill level 1 in Armour
  4445 | D:5      | Reached skill level 6 in Spellcasting
  4662 | D:5      | Found Hacliogau's Magic Scroll Emporium.
  5116 | D:6      | Gained mutation: Your touch may inflict minor irresistible
                  | damage on your foes. [demonic ancestry]
  5116 | D:6      | Reached XP level 9. HP: 53/59 MP: 17/18
  5486 | D:6      | Found a staircase to the Ecumenical Temple.
  5498 | Temple   | Entered the Ecumenical Temple
  5498 | Temple   | Found a transporter.
  5498 | Temple   | Found a transporter.
  5500 | Temple   | Found a transporter.
  5500 | Temple   | Found a transporter.
  5523 | Temple   | Became a worshipper of Vehumet
  5688 | D:6      | Found a hazy altar of Hepliaklqana.
  5835 | D:7      | Reached skill level 5 in Stealth
  5854 | D:7      | Found a sand-covered staircase.
  5859 | Ossuary  | Entered an ossuary
  6108 | Ossuary  | Reached * piety under Vehumet
  6108 | Ossuary  | Offered knowledge of Shock by Vehumet.
  6192 | Ossuary  | Learned a level 1 spell: Shock
  6225 | Ossuary  | Learned a level 2 spell: Blink
  6273 | Ossuary  | Reached skill level 5 in Conjurations
  6526 | D:7      | Found a burning altar of Makhleb.
  6638 | D:7      | Reached skill level 7 in Spellcasting
  6729 | D:7      | Offered knowledge of Poisonous Vapours by Vehumet.
  6733 | D:7      | Learned a level 2 spell: Poisonous Vapours
  6769 | D:7      | Reached ** piety under Vehumet
  6792 | D:7      | Found a broken altar of Ashenzari.
  7248 | D:8      | Gained mutation: A demonic guardian rushes to your aid.
                  | [demonic ancestry]
  7248 | D:8      | Reached XP level 10. HP: 65/65 MP: 21/21
  7349 | D:8      | Reached skill level 8 in Spellcasting
  7349 | D:8      | Noticed Grum
  7358 | D:8      | Killed Grum
  7480 | D:8      | Offered knowledge of Dazzling Flash by Vehumet.
  7522 | D:8      | Reached *** piety under Vehumet
  8365 | D:3      | Bought a Young Poisoner's Handbook for 260 gold pieces
  8370 | D:3      | Learned a level 4 spell: Olgreb's Toxic Radiance
  8417 | D:4      | Bought the Papyrus of Sculpting for 300 gold pieces
  8421 | D:4      | Learned a level 3 spell: Ignite Poison
  8619 | D:9      | Reached skill level 9 in Spellcasting
  8768 | D:9      | Offered knowledge of Mephitic Cloud by Vehumet.
  8849 | D:9      | Noticed a two-headed ogre
  8851 | D:9      | Reached skill level 1 in Poison Magic
  8857 | D:9      | Killed a two-headed ogre
  8946 | D:9      | Reached XP level 11. HP: 70/70 MP: 24/24
  9073 | D:9      | Reached **** piety under Vehumet
  9134 | D:9      | Offered knowledge of Fireball by Vehumet.
  9141 | D:9      | Learned a level 5 spell: Fireball
  9233 | D:9      | Noticed a skeletal warrior
  9247 | D:9      | Noticed a deep elf pyromancer
  9266 | D:9      | HP: 3/71 [vampire mosquito (9)]
  9327 | D:9      | Slain by a skeletal warrior

Illustrated notes

Levels and vault maps discovered:
D:1:      dpeg_arrival_ratfight, layout_basic, glass_columns_c
D:2:      layout_rooms, basic_altar
D:3:      layout_rooms, nicolae_sif_muna_little_library, serial_shops, shop,
          ebering_ecumenical_altar_sacrificial, kennysheep_flooded_box
D:4:      gammafunk_steamed_eel, layout_loops_ring,
          mainiacjoe_overflow_divided_tiny, serial_shops, shop_fountains,
          nicolae_square_shop, uniq_grinder, uniq_blork_the_orc
D:5:      layout_cave_pools, serial_shops, nicolae_diamond_shop
D:6:      layout_rooms, nicolae_hepliaklqana_hippocampus,
          minmay_temple_entry_grid, serial_glass, glass_columns_b,
          glass_columns_a, glass_columns_b, glass_columns_a, glass_columns_b,
          glass_columns_b, glass_columns_a, glass_columns_a
D:7:      layout_gridville, bloody_makhleb, kennysheep_mini,
          mainiacjoe_overflow_surrounded_room, nicolae_ossuary_entry_giza,
          grunt_ministairs_4
D:8:      layout_basic, zin_treasury, minmay_misc_feat_alley, st_stairs_9,
          uniq_grum
D:9:      minmay_the_grid_4x2 [minmay_the_grid_holed_spiral,
          minmay_the_grid_eight, minmay_the_grid_zigzag_pyramid,
          minmay_the_grid_mess, minmay_the_grid_expand,
          minmay_the_grid_minigrid_medium, minmay_the_grid_fan,
          minmay_the_grid_prize_shrinking_boxes], layout_cave_pools
Temple:   hellmonk_temple_divided_pantheon

Skill      XL: |  1  2  3  4  5  6  7  8  9 10 |
---------------+-------------------------------+-----
Fire Magic     | 3 4 5 6 8 |  8.3
Stealth        | 2 3 4 6 |  6.9
Conjurations   | 2 3 4 6 |  6.4
Dodging        | 2 |  2.8
Spellcasting   | 3 4 5 6 7 9 |  9.9
Short Blades   | 1 2 3 |  3.3
Fighting       | 1 |  1.5
Armour         | 1 2 |  2.4
Poison Magic   | 2 |  2.5
Translocations | |  0.6
Transmutations | |  0.4
Air Magic      | |  0.2

Action                   |  1- 3 |  4- 6 |  7- 9 | 10-12 || total
-------------------------+-------+-------+-------+-------++-------
Melee: Dagger            |    21 |    13 |    59 |    50 ||   143
       Touch             |       |       |     6 |    12 ||    18
       Short sword       |       |       |       |    18 ||    18
       Punch             |       |       |       |     1 ||     1
 Cast: Foxfire           |    96 |    88 |   241 |    82 ||   507
       Scorch            |       |    11 |    40 |    53 ||   104
       Blink             |       |       |     4 |     9 ||    13
       Poisonous Vapours |       |       |     4 |       ||     4
       Olgreb's Toxic Ra |       |       |       |    10 ||    10
       Ignite Poison     |       |       |       |     7 ||     7
       Fireball          |       |       |       |     2 ||     2
  Use: Scroll            |       |     6 |     4 |     2 ||    12
       Potion            |       |       |       |     4 ||     4
 Stab: Paralysed         |     7 |     7 |    30 |    26 ||    70
       Sleeping          |       |       |     3 |     1 ||     4
Armor: Robe              |     3 |     1 |       |       ||     4
       Leather armour    |       |       |    20 |    10 ||    30
Dodge: Dodged            |    12 |     8 |    66 |    55 ||   141
